[Event "IND-ch Senior Open 2019"]
[Site "Mazitar"]
[Date "2019.12.12"]
[Round "4.24"]
[White "Kamdar Udit"]
[Black "Harshavardhan G B"]
[Result "0-1"]
[ECO "C27"]
[WhiteElo "2107"]
[BlackElo "2344"]
[Annotator "ChessBase"]
[PlyCount "102"]
[EventDate "2018.12.08"]
[EventType "swiss"]
[EventRounds "11"]
[EventCountry "IND"]
[SourceTitle "playchess.com"]
[Source "ChessBase"]
[SourceQuality "1"]
[TimeControl "40/5400+30:1800+30"]

1. e4 e5 2. Bc4 Nf6 3. Nc3 Nxe4 4. Qh5 Nd6 5. Bb3 g6 6. Qxe5+ Qe7 7. d4 Nc6 8. Qxe7+ Bxe7 9. Nd5 Bd8 10. Nf3 Na5 11. O-O O-O 12. Bh6 Re8 13. Rfe1 Nxb3 14. axb3 f6 15. Bf4 Rxe1+ 16. Nxe1 Ne8 17. b4 d6 18. b5 Bd7 19. c4 Be6 20. Nc3 Bxc4 21. d5 a5 22. Ra4 Bb3 23. Ra3 a4 24. Nf3 f5 25. Nd4 Bc4 26. b3 Bd3 27. bxa4 Bf6 28. Nde2 Bg7 29. Be3 Bc4 30. Bd4 Bxd4 31. Nxd4 Nf6 32. Ne6 Rc8 33. Nf4 g5 34. Ne6 h6 35. Nd4 f4 36. Nf5 Kf7 37. Ra1 Nxd5 38. Nxd5 Bxd5 39. Nxh6+ Kg6 40. Ng4 Ra8 41. h4 Bc4 42. f3 Bxb5 43. hxg5 Rxa4 44. Re1 Kxg5 45. Re7 Rc4 46. Rf7 Kg6 47. Rf8 Kg7 48. Rf5 Bd7 49. Rg5+ Kf7 50. Nf2 Kf6 51. Rh5 Bf5 0-1

[Event "IND-ch Senior Open 2019"]
[Site "Mazitar"]
[Date "2019.12.12"]
[Round "4.25"]
[White "Bharat Kumar Reddy Poluri"]
[Black "Bakshi, Rutuja"]
[Result "1/2-1/2"]
[ECO "C09"]
[WhiteElo "2337"]
[BlackElo "2075"]
[Annotator "ChessBase"]
[PlyCount "43"]
[EventDate "2018.12.08"]
[EventType "swiss"]
[EventRounds "11"]
[EventCountry "IND"]
[SourceTitle "playchess.com"]
[Source "ChessBase"]
[SourceQuality "1"]
[TimeControl "40/5400+30:1800+30"]

1. e4 e6 2. d4 d5 3. Nd2 c5 4. exd5 exd5 5. Ngf3 Nc6 6. Be2 Bd6 7. dxc5 Bxc5 8. O-O Nge7 9. Nb3 Bd6 10. Bg5 O-O 11. Bh4 Bg4 12. Nfd4 Bxe2 13. Qxe2 Qd7 14. Rad1 Rfe8 15. Bxe7 Bxe7 16. Qf3 Kh8 17. Nb5 Rad8 18. g3 a6 19. Nc3 {[%emt 0:00:30] b4 Ne2} f5 20. Qg2 {[%emt 0:00:30] Qxe7 Nf4} d4 21. a3 a5 22. Nxa5 {[%emt 0:00:11] -error} 1/2-1/2

[Event "IND-ch Senior Open 2019"]
[Site "Mazitar"]
[Date "2019.12.14"]
[Round "6.3"]
[White "Aravindh, Chithambaram VR."]
[Black "Anurag, Mhamal"]
[Result "1-0"]
[ECO "A04"]
[WhiteElo "2605"]
[BlackElo "2490"]
[Annotator "RC"]
[PlyCount "117"]
[EventDate "2018.12.08"]
[EventType "swiss"]
[EventCountry "IND"]
[SourceTitle "playchess.com"]
[Source "ChessBase"]
[SourceQuality "1"]
[TimeControl "40/5400+30:1800+30"]

1. Nf3 g6 2. e4 Bg7 3. d4 e6 4. Nc3 Ne7 5. Bg5 h6 6. Bf4 d6 7. Qd2 a6 8. h4 b5 9. Bd3 Nbc6 10. Be3 e5 11. dxe5 dxe5 12. Bc5 Bg4 13. Nh2 Be6 14. a4 b4 15. Ne2 h5 16. O-O Nc8 17. g3 Nd6 18. Rfd1 Bh6 19. Qe1 g5 20. hxg5 Qxg5 21. Bxb4 h4 22. Bxd6 hxg3 23. Nxg3 cxd6 24. Nf3 Qf6 25. Ra3 Bf4 26. Bf1 Bg4 27. Bg2 Rc8 28. Rc3 Ke7 29. b4 Bxg3 30. fxg3 Nd4 31. Nxd4 exd4 32. Rxc8 Rxc8 33. Rd2 Bd7 34. e5 dxe5 35. Rxd4 Bxa4 36. c4 Kf8 37. Rh4 Rd8 38. Qe3 Rd4 39. Rh6 Qf5 40. Rxa6 Rd1+ 41. Kh2 Qh5+ 42. Bh3 Rb1 43. b5 Rb2+ 44. Kg1 Rb3 45. Qh6+ Qxh6 46. Rxh6 e4 47. Kf2 Kg7 48. Ra6 Rf3+ 49. Ke1 Bc2 50. Bf1 Rb3 51. Ra1 Kf6 52. Rc1 Bd3 53. Bxd3 exd3 54. Kd2 Ke5 55. Rc3 Rb2+ 56. Kxd3 Rg2 57. c5 Rxg3+ 58. Kc4 Rg8 59. b6 {[%emt 0:00:25] Kd5+} 1-0

[Event "IND-ch Senior Open 2019"]
[Site "Mazitar"]
[Date "2019.12.16"]
[Round "8.2"]
[White "Aravindh, Chithambaram VR."]
[Black "Lalith Babu M R"]
[Result "1/2-1/2"]
[ECO "E21"]
[WhiteElo "2605"]
[BlackElo "2556"]
[Annotator "RC"]
[PlyCount "64"]
[EventDate "2018.12.08"]
[EventType "swiss"]
[EventCountry "IND"]
[SourceTitle "playchess.com"]
[Source "ChessBase"]
[SourceQuality "1"]
[TimeControl "40/5400+30:1800+30"]

1. d4 Nf6 2. c4 e6 3. Nc3 Bb4 4. Nf3 b6 5. Bg5 Bb7 6. Nd2 h6 7. Bh4 Nc6 8. e3 Ne7 9. f3 Nf5 10. Bf2 c5 11. Bd3 O-O 12. a3 cxd4 13. exd4 Bxc3 14. bxc3 d5 15. c5 Nd7 16. O-O Qc8 17. c4 bxc5 18. Bxf5 exf5 19. Rc1 Nb6 20. Re1 Rd8 21. dxc5 Nxc4 22. Nxc4 dxc4 23. Qa4 Bd5 24. Re7 a5 25. c6 Qxc6 26. Qxc6 Bxc6 27. Rxc4 Rd1+ 28. Re1 Rxe1+ 29. Bxe1 Bd7 30. Rc7 Be6 31. Rc5 a4 32. Ra5 Rxa5 1/2-1/2

[Event "IND-ch Senior Open 2019"]
[Site "Mazitar"]
[Date "2019.12.18"]
[Round "10.2"]
[White "Vaibhav, Suri"]
[Black "Shyaamnikhil P"]
[Result "1/2-1/2"]
[ECO "B41"]
[WhiteElo "2597"]
[BlackElo "2455"]
[Annotator "ChessBase"]
[PlyCount "201"]
[EventDate "2018.12.08"]
[EventType "swiss"]
[EventCountry "IND"]
[SourceTitle "playchess.com"]
[Source "ChessBase"]
[SourceQuality "1"]
[TimeControl "40/5400+30:1800+30"]

1. e4 c5 2. Nf3 e6 3. d4 cxd4 4. Nxd4 a6 5. c4 Nf6 6. Nc3 Qc7 7. a3 b6 8. Be2 Bb7 9. f3 Be7 10. Be3 d6 11. O-O Nbd7 12. Qe1 Rc8 13. Rc1 Qb8 14. b4 Bd8 15. Qf2 Bc7 16. g4 h6 17. h4 g5 18. Kg2 Rg8 19. hxg5 hxg5 20. Rh1 Bd8 21. Kg1 Ne5 22. Na4 Nfd7 23. Rh6 Ng6 24. b5 Nc5 25. Nc3 a5 26. Nc6 Bxc6 27. bxc6 Rxc6 28. Rd1 Bf6 29. Nb5 Ke7 30. Qh2 Rh8 31. Nd4 Bxd4 32. Rxd4 e5 33. Bxg5+ Kd7 34. Rd1 Rxh6 35. Bxh6 Qh8 36. Be3 Qxh2+ 37. Kxh2 Nf4 38. Bf1 Ke7 39. Kg3 Ng6 40. g5 Ne6 41. Kg4 Nc5 42. Rb1 Nd7 43. Rb2 Ngf8 44. Rb1 Ne6 45. Be2 Nef8 46. Kf5 Ng6 47. Rh1 Kf8 48. Rh2 Ne7+ 49. Kg4 Ng6 50. Bf1 Nc5 51. Kg3 Ke7 52. Rb2 Nd7 53. Rc2 Nc5 54. Rc1 Nf8 55. Bh3 Na4 56. Rb1 Ne6 57. Bf1 Rc8 58. Kg4 Rg8 59. Kf5 Ng7+ 60. Kg4 Ne6 61. Kf5 Rh8 62. c5 Naxc5 63. Rxb6 Rh4 64. g6 Nd4+ 65. Bxd4 Rf4+ 66. Kg5 Ne6+ 67. Kh5 fxg6+ 68. Kxg6 Rf6+ 69. Kh5 Nxd4 70. Rb7+ Kd8 71. Bh3 Rxf3 72. Bg4 Rxa3 73. Rd7+ Ke8 74. Rxd6 Re3 75. Bf5 Nxf5 76. exf5 Kf7 77. Ra6 Ra3 78. Re6 Re3 79. Ra6 Ra3 80. Re6 Ra1 81. Kg5 Rg1+ 82. Kh4 Re1 83. Ra6 Ra1 84. Kg5 Rg1+ 85. Kh4 a4 86. Rxa4 Kf6 87. Rg4 Rf1 88. Kg3 Kxf5 89. Ra4 e4 90. Ra5+ Ke6 91. Ra6+ Kd5 92. Ra5+ Kc4 93. Ra4+ Kd3 94. Ra3+ Kd2 95. Ra2+ Kc3 96. Ra3+ Kd2 97. Ra2+ Kc3 98. Ra3+ Kb2 99. Re3 Rf3+ 100. Rxf3 exf3 101. Kxf3 1/2-1/2

[Event "IND-ch Senior Open 2019"]
[Site "Mazitar"]
[Date "2019.12.18"]
[Round "10.3"]
[White "Akash G"]
[Black "Anurag, Mhamal"]
[Result "1-0"]
[ECO "C67"]
[WhiteElo "2431"]
[BlackElo "2490"]
[Annotator "ChessBase"]
[PlyCount "83"]
[EventDate "2018.12.08"]
[EventType "swiss"]
[EventCountry "IND"]
[SourceTitle "playchess.com"]
[Source "ChessBase"]
[SourceQuality "1"]
[TimeControl "40/5400+30:1800+30"]

1. e4 e5 2. Nf3 Nc6 3. Bb5 Nf6 4. O-O Nxe4 5. Re1 Nd6 6. Nxe5 Be7 7. Bf1 Nxe5 8. Rxe5 O-O 9. d4 Bf6 10. Bd3 Bxe5 11. dxe5 Ne8 12. Qh5 g6 13. Qh6 Qe7 14. Nc3 d5 15. exd6 Nxd6 16. Nd5 Qe1+ 17. Bf1 Qe5 18. Nxc7 Nf5 19. Qf4 Qxf4 20. Bxf4 Rb8 21. g4 g5 22. Bxg5 Nd4 23. Bf6 Nf3+ 24. Kg2 Nd2 25. Bd3 Bd7 26. Re1 Bc6+ 27. Kg3 Rfc8 28. Re7 b5 29. Na6 Rb6 30. Nb4 Be4 31. Bc3 Bxd3 32. cxd3 Nb1 33. Bd4 Rg6 34. Rxa7 h5 35. h3 hxg4 36. h4 Rd6 37. Be3 f5 38. Rb7 Re6 39. Rxb5 Rf8 40. Kf4 Rh6 41. Rxf5 Rb8 42. a3 1-0

[Event "IND-ch Senior Open 2019"]
[Site "Mazitar"]
[Date "2019.12.18"]
[Round "10.4"]
[White "Ravi, Teja S."]
[Black "Konguvel, Ponnuswamy"]
[Result "1/2-1/2"]
[ECO "E68"]
[WhiteElo "2455"]
[BlackElo "2367"]
[Annotator "ChessBase"]
[PlyCount "64"]
[EventDate "2018.12.08"]
[EventType "swiss"]
[EventCountry "IND"]
[SourceTitle "playchess.com"]
[Source "ChessBase"]
[SourceQuality "1"]
[TimeControl "40/5400+30:1800+30"]

1. d4 Nf6 2. c4 g6 3. Nc3 Bg7 4. g3 O-O 5. Bg2 d6 6. Nf3 Nbd7 7. O-O e5 8. e4 exd4 9. Nxd4 Re8 10. h3 Nc5 11. Re1 Bd7 12. Bf4 h6 13. Qc2 Nfxe4 14. Nxe4 Bxd4 15. Rad1 Nxe4 16. Rxd4 Ng5 17. Rxe8+ Qxe8 18. Bxg5 hxg5 19. Bxb7 Qe1+ 20. Kh2 Re8 21. Re4 Rxe4 22. Bxe4 Be6 23. b3 Kf8 24. Kg2 Qa1 25. Bf3 Qh8 26. g4 Qe5 27. Qe4 Qxe4 28. Bxe4 Ke7 29. Kg3 Kf6 30. Kf3 Ke5 31. Ke3 c5 32. Bc6 a5 1/2-1/2

[Event "IND-ch Senior Open 2019"]
[Site "Mazitar"]
[Date "2019.12.18"]
[Round "10.5"]
[White "Mohammad Nubairshah Shaikh"]
[Black "Visakh N R"]
[Result "0-1"]
[ECO "A28"]
[WhiteElo "2421"]
[BlackElo "2516"]
[Annotator "ChessBase"]
[PlyCount "104"]
[EventDate "2018.12.08"]
[EventType "swiss"]
[EventCountry "IND"]
[SourceTitle "playchess.com"]
[Source "ChessBase"]
[SourceQuality "1"]
[TimeControl "40/5400+30:1800+30"]

1. c4 e5 2. Nc3 Nf6 3. Nf3 Nc6 4. e3 Bb4 5. Qc2 Bxc3 6. bxc3 e4 7. Nd4 Ne5 8. f4 exf3 9. Nxf3 Nxf3+ 10. gxf3 O-O 11. Rg1 d5 12. Ba3 Re8 13. O-O-O c6 14. cxd5 cxd5 15. Bc5 Re6 16. Bd3 Qa5 17. Bb4 Qc7 18. Rg5 Re5 19. Rg3 g6 20. Rdg1 Nh5 21. Rg5 Ng7 22. f4 Rxg5 23. Rxg5 Be6 24. f5 Qe5 25. h4 Bxf5 26. Bxf5 Nxf5 27. Qa4 Qe4 28. Qd7 b6 29. Qb7 Re8 30. Qxa7 h6 31. Rg1 Nxe3 32. Qa4 b5 33. Qb3 Ng2 34. Bc5 Nf4 35. Kd1 Nh3 36. Qxb5 Nxg1 37. Bxg1 Ra8 38. Bd4 Qh1+ 39. Kc2 Qe4+ 40. Kd1 h5 41. a4 Qe8 42. Qxd5 Qxa4+ 43. Ke2 Re8+ 44. Kd3 Qd1 45. c4 Qb3+ 46. Bc3 Qb1+ 47. Kd4 Qe1 48. Kc5 Qe7+ 49. Kb5 Rb8+ 50. Ka4 Qa7+ 51. Ba5 Qg1 52. Bc3 Qb1 0-1